Map: Emerald City LE

Players

easy - Winner!

  • Race: Protoss Protoss
  • Spawn Location: 5:00

DerSchluppke - Winner!

  • Race: Terran Terran
  • League: Diamond
  • Spawn Location: 5:00

Massa

  • Race: Terran Terran
  • League: Platinum
  • Spawn Location: 11:00

qqq

  • Race: Zerg Zerg
  • League: Platinum
  • Spawn Location: 11:00

VOD

Have the link to the VOD?

Description

Time

  • Played on: Nov. 25, 2020, 3:54 p.m.
  • Length: 13:42
Show
View Real Time Build Order
Export as new Build Order

easy Protoss - Winner!

Build Orders: 1 Gate Expand 

Get SALT Encoding   

  12  0:02  Probe  
  13  0:14  Probe  
  14  0:18  Pylon  
  14  0:26  Probe  
  15  0:36  Gateway  
  15  0:39  Probe (Chrono Boost)  
  16  0:48  Probe (Chrono Boost), Assimilator  
  17  0:53  Probe (Chrono Boost)  
  18  1:05  Probe  
  19  1:17  Probe  
  20  1:28  Nexus  
  20  1:33  Probe  
  21  1:45  Probe, Pylon  
  22  1:53  Cybernetics Core  
  22  1:57  Probe  
  23  2:09  Probe  
  23  2:14  Assimilator  
  24  2:21  Probe  
  24  2:22  Zealot  
  27  2:28  Pylon  
  27  2:33  Warp Gate  
  27  2:34  Probe  
  28  2:40  Probe  
  29  2:46  Probe  
  29  2:49  Stargate  
  30  2:52  Probe  
  30  2:56  Gateway  
  31  3:00  Shield Battery  
  31  3:02  Probe  
  32  3:09  Stalker (Chrono Boost)  
  32  3:12  Probe  
  35  3:18  Probe  
  36  3:26  Probe  
  37  3:28  Stargate  
  37  3:30  Probe  
  38  3:35  Assimilator  
  38  3:41  Void Ray  
  38  3:44  Probe  
  43  3:51  Probe (Chrono Boost)  
  44  3:56  Probe (Chrono Boost)  
  44  3:57  Assimilator  
  46  4:04  Probe (Chrono Boost), Gateway  
  46  4:07  Probe (Chrono Boost)  
  46  4:08  Pylon  
  46  4:09  Probe (Chrono Boost)  
  47  4:10  Robotics Facility  
  48  4:23  Zealot x2  
  52  4:31  Probe  
  53  4:40  Nexus  
  53  4:42  Pylon  
  53  4:43  Probe, Void Ray  
  54  4:52  Probe  
  59  4:55  Probe  
  59  4:57  Observer  
  61  5:04  Probe, Shield Battery  
  61  5:05  Shield Battery  
  62  5:07  Probe  
  62  5:10  Gateway  
  63  5:16  Probe  
  63  5:19  Stalker x2  
  68  5:40  Probe x2  
  70  5:46  Void Ray  
  70  5:47  Pylon  
  70  5:48  Pylon  
  70  5:52  Fleet Beacon  
  70  5:53  Pylon  
  74  6:05  Stargate x2  
  74  6:07  Probe x2  
  74  6:09  Assimilator  
  76  6:15  Assimilator  
  76  6:16  Pylon  
  76  6:29  Pylon  
  76  6:30  Immortal  
  80  6:47  Flux Vanes  
  80  6:49  Probe x2  
  80  6:52  Probe  
  80  6:54  Forge  
  83  6:55  Carrier x2  
  83  7:01  Probe x2  
  97  7:03  Void Ray  
  97  7:05  Probe  
  98  7:13  Probe  
  103  7:24  Probe  
  104  7:32  Probe x2, Protoss Ground Weapons Level 1  
  104  7:34  Photon Cannon  
  106  7:40  Twilight Council  
  106  7:42  Nexus  
  106  7:43  Gateway  
  106  7:56  Photon Cannon  
  106  7:58  Photon Cannon  
  106  8:01  Photon Cannon  
  106  8:03  Stalker x2  
  110  8:06  Probe x2  
  112  8:14  Pylon  
  112  8:18  Pylon  
  112  8:21  Void Ray  
  112  8:24  Carrier  
  122  8:34  Photon Cannon  
  122  8:36  Photon Cannon  
  122  8:48  Templar Archives  
  122  8:49  Blink  
  122  8:54  Photon Cannon  
  122  8:56  Photon Cannon  
  122  8:58  Photon Cannon  
  122  9:01  Pylon  
  122  9:03  Probe x2  
  122  9:09  Assimilator  
  124  9:15  Assimilator  
  124  9:17  Psionic Storm  
  124  9:26  Cybernetics Core  
  124  9:33  High Templar x3  
  124  9:34  High Templar x2  
  124  9:38  Protoss Air Weapons Level 1  
  134  9:43  Gateway  
  134  9:46  Probe  
  134  9:47  Probe, Gateway  
  134  9:49  Pylon  
  134  9:52  Observer, Void Ray x2  
  145  10:03  Pylon  
  145  10:09  High Templar x3  
  145  10:12  Zealot x2  
  153  10:29  Archon x4  
  131  10:44  Stalker x4  
  131  10:46  Stalker x2  
  89  11:04  Probe  
  89  11:05  Probe  
  89  11:06  Probe  
  89  11:10  High Templar x2  
  89  11:11  High Templar x4  
  102  11:12  Probe  
  104  11:19  Observer, Gateway  
  104  11:21  Gateway  
  104  11:24  Gateway  
  105  11:26  Archon x2  
  100  11:35  Probe  
  101  11:44  Zealot  
  101  11:45  Zealot x2, Stalker x3  
  109  11:56  Void Ray x4  
  119  12:17  Stalker x3  
  119  12:18  Stalker x3  
  127  12:33  Void Ray  
  127  12:42  Zealot x4  
  127  12:43  Zealot x2  
  154  13:32  Stalker  
Show
View Real Time Build Order
Export as new Build Order

DerSchluppke Terran - Winner!

Build Orders: 2 Factory, Hellion Opening, Mech 

Get SALT Encoding   

  12  0:01  SCV  
  13  0:13  SCV  
  14  0:17  Supply Depot  
  14  0:25  SCV  
  15  0:39  SCV  
  15  0:40  Barracks  
  16  0:46  Refinery  
  16  0:51  SCV  
  17  1:03  SCV  
  18  1:15  SCV  
  19  1:30  SCV  
  20  1:42  Command Center  
  20  1:46  Orbital Command  
  20  1:51  Barracks Reactor  
  20  2:00  Refinery  
  20  2:14  SCV, Factory  
  21  2:21  Supply Depot  
  21  2:26  SCV  
  21  2:27  Marine  
  23  2:43  SCV  
  25  2:45  Supply Depot  
  25  2:55  SCV  
  25  3:04  Factory  
  26  3:06  Barracks Tech Lab, Orbital Command  
  26  3:11  Hellion  
  26  3:12  Hellion  
  29  3:17  SCV  
  30  3:30  SCV  
  30  3:33  Hellion x2  
  35  3:48  SCV x2  
  37  3:54  Hellion x2  
  41  4:00  SCV x2, Factory  
  43  4:03  Barracks Tech Lab  
  43  4:12  SCV x2, Siege Tank  
  47  4:39  SCV x2  
  47  4:44  Factory  
  49  4:46  Armory x2  
  49  4:49  Barracks Tech Lab, Engineering Bay  
  49  4:51  SCV x2  
  51  4:57  Refinery  
  51  5:00  Refinery  
  51  5:03  SCV  
  51  5:04  SCV  
  53  5:13  Supply Depot x2  
  53  5:15  SCV  
  54  5:35  SCV x2, Command Center  
  56  5:37  Terran Vehicle And Ship Armor Level 1, Terran Vehicle Weapons Level 1  
  56  5:45  Missile Turret  
  56  5:47  SCV x2  
  58  5:53  Missile Turret  
  58  5:58  Missile Turret  
  58  5:59  SCV x2, Barracks Tech Lab  
  58  6:03  Supply Depot  
  60  6:06  Supply Depot  
  60  6:08  Supply Depot  
  60  6:12  Siege Tank  
  60  6:13  Hellion x2  
  60  6:15  Siege Tank  
  70  6:21  Factory  
  70  6:24  SCV  
  71  6:30  Supply Depot  
  71  6:34  Supply Depot  
  71  6:39  Infernal Pre-Igniter  
  67  6:47  Missile Turret  
  67  6:51  Missile Turret  
  67  6:57  Supply Depot  
  67  6:59  Supply Depot  
  67  7:01  SCV x2  
  69  7:05  Siege Tank  
  72  7:13  SCV  
  73  7:16  Missile Turret x2  
  73  7:18  Missile Turret  
  73  7:31  Hellion x2  
  77  7:51  Thor  
  77  7:52  Thor x2  
  95  8:07  Planetary Fortress  
  95  8:11  Missile Turret x2  
  95  8:16  SCV  
  95  8:17  SCV  
  97  8:21  Thor  
  97  8:22  Drilling Claws  
  103  8:27  Terran Vehicle Weapons Level 2  
  103  8:28  SCV  
  103  8:31  Terran Vehicle And Ship Armor Level 2  
  104  8:34  SCV  
  104  8:41  SCV  
  106  8:46  SCV x2  
  108  9:00  Missile Turret  
  108  9:01  Refinery, Missile Turret  
  108  9:02  Refinery  
  108  9:03  SCV x3  
  108  9:06  Siege Tank x3  
  108  9:09  Hi-Sec Auto Tracking  
  120  9:29  Sensor Tower  
  120  9:30  SCV x3  
  123  9:35  Sensor Tower  
  123  9:36  Hellion, Siege Tank  
  123  9:37  Hellion  
  130  9:42  Command Center  
  130  9:49  Command Center  
  130  9:52  Command Center  
  130  9:59  Siege Tank  
  136  10:00  Siege Tank x2  
  139  10:07  Missile Turret  
  139  10:12  Supply Depot x2  
  139  10:36  Supply Depot  
  139  10:37  Supply Depot  
  133  10:51  Widow Mine x5  
  133  10:52  Widow Mine  
  143  11:00  Supply Depot  
  141  11:12  Thor, Siege Tank  
  141  11:13  Hellion x3  
  137  12:09  Siege Tank x2  
  137  12:10  Thor x2  
  147  12:32  Planetary Fortress  
  147  12:41  Siege Tank x2  
  147  12:43  Hellion x2  
  154  12:46  Orbital Command  
  152  12:51  Command Center  
  152  12:53  Thor x2  
  164  13:05  Hellion  
  164  13:25  Missile Turret  
  164  13:26  Missile Turret  
  173  13:27  Missile Turret  
  175  13:42  Missile Turret  
Show
View Real Time Build Order
Export as new Build Order

Massa Terran 

Build Orders:  

Get SALT Encoding   

  12  0:00  SCV  
  13  0:12  SCV  
  14  0:22  Supply Depot  
  14  0:24  SCV  
  15  0:44  SCV  
  15  0:45  Barracks  
  16  0:54  Refinery  
  16  0:56  SCV  
  17  1:08  SCV  
  18  1:20  SCV  
  19  1:32  SCV  
  20  1:44  SCV  
  20  1:45  Reaper  
  22  1:50  Command Center  
  22  1:56  SCV  
  23  2:05  Supply Depot  
  23  2:08  Orbital Command  
  23  2:17  Factory  
  23  2:27  Barracks, Marine  
  24  2:36  SCV  
  25  2:37  Supply Depot  
  25  2:48  SCV  
  26  2:53  Barracks Reactor  
  26  3:01  SCV, Factory Tech Lab  
  27  3:07  Refinery  
  27  3:08  Orbital Command  
  27  3:13  SCV  
  27  3:17  Engineering Bay  
  28  3:25  SCV  
  28  3:27  Starport  
  29  3:37  SCV  
  30  3:47  Marine x2  
  31  3:49  Widow Mine  
  31  3:50  Marine  
  34  3:57  Supply Depot  
  34  3:58  SCV  
  34  3:59  SCV  
  34  4:02  Missile Turret  
  36  4:05  Missile Turret  
  36  4:06  Medivac  
  36  4:08  Marine  
  39  4:10  SCV  
  39  4:11  SCV  
  39  4:13  Marine x2  
  39  4:17  Refinery  
  43  4:26  Siege Tank  
  43  4:30  Marine  
  47  4:39  Marine  
  48  4:48  Barracks Tech Lab, Marine  
  49  4:58  Supply Depot  
  49  5:02  Marine  
  49  5:06  Marine  
  51  5:08  Marauder  
  51  5:09  Stimpack  
  51  5:12  SCV x2  
  51  5:14  Starport Reactor  
  55  5:18  Barracks  
  55  5:20  Marine  
  56  5:22  Command Center  
  56  5:24  SCV x2  
  56  5:27  Barracks  
  58  5:30  Marauder  
  63  5:36  SCV x2  
  63  5:41  Refinery  
  65  5:44  Cyclone  
  65  5:46  Marine x2  
  65  5:48  SCV  
  68  5:51  Marine  
  69  6:00  Supply Depot  
  69  6:03  Supply Depot  
  69  6:06  Missile Turret  
  69  6:21  Viking x2  
  69  6:24  Command Center  
  73  6:28  Widow Mine  
  75  6:43  Barracks Reactor, Barracks Tech Lab  
  75  6:49  Combat Shield  
  75  7:01  Marauder, Marine x3  
  77  7:04  Medivac x2  
  77  7:07  Siege Tank  
  87  7:17  SCV x2  
  87  7:19  Marine  
  82  7:22  Marauder  
  82  7:27  Orbital Command  
  82  7:29  SCV x2  
  84  7:38  Missile Turret  
  84  7:41  SCV x2, Cyclone  
  89  7:46  Armory, Terran Infantry Weapons Level 1  
  89  7:49  Engineering Bay  
  89  7:50  Viking x2  
  93  7:53  SCV  
  93  7:56  SCV x2  
  96  8:05  SCV  
  97  8:08  SCV x2  
  97  8:11  Starport  
  99  8:13  Concussive Shells  
  99  8:18  Siege Tank  
  99  8:19  Marauder  
  106  8:20  Marauder, Marine x2, Viking x2  
  106  8:21  Marine  
  106  8:22  Marine  
  106  8:26  SCV  
  115  8:32  SCV  
  116  8:49  Starport Tech Lab  
  116  8:50  Supply Depot  
  116  8:51  Supply Depot  
  116  8:52  Terran Infantry Armor Level 1, Supply Depot  
  116  8:55  Terran Vehicle And Ship Armor Level 1  
  116  9:11  Marine x2  
  116  9:12  SCV x3, Marauder, Marine x2  
  116  9:13  Marauder  
  116  9:14  Supply Depot x2  
  116  9:16  Supply Depot  
  129  9:24  SCV x3  
  129  9:27  Missile Turret  
  129  9:29  Sensor Tower, Marine x3  
  133  9:33  Marauder  
  133  9:34  Marauder  
  133  9:36  SCV x3  
  133  9:38  Orbital Command  
  140  9:44  Marine  
  141  9:47  Marine x2  
  141  9:48  SCV x3  
  141  9:49  Barracks x2  
  141  9:52  Factory  
  146  9:54  Refinery  
  146  9:55  Refinery, Marauder x2  
  150  10:00  SCV x2  
  152  10:16  Marauder  
  122  10:45  Marauder  
  122  10:46  Marauder, Marine  
  97  10:57  Marine x5  
  97  11:01  Factory Tech Lab, Siege Tank  
  97  11:03  Marine  
  102  11:07  Marauder x2, Medivac x3  
  112  11:14  Marine  
  112  11:15  Marine x4  
  117  11:21  Marine  
  117  11:23  Command Center  
  118  11:28  Marauder  
  118  11:29  Marauder  
  118  11:32  Marine  
  112  11:33  Marine x3, Command Center, Siege Tank  
  112  11:37  Medivac x3  
  112  11:38  Marine  
  114  11:50  Marauder, Marine, Siege Tank  
  112  12:07  Medivac  
  117  12:11  Marauder  
  97  12:19  Marine  
  97  12:20  Marine x3  
  97  12:22  Siege Tank  
  95  12:33  Marauder  
  85  12:37  Marine  
  85  12:38  Marine x3  
  80  12:47  Planetary Fortress  
  80  12:49  Planetary Fortress  
  80  12:51  SCV  
  71  12:54  Marauder  
  71  12:55  Barracks x2, Marine  
  71  12:56  Marine x2  
  71  12:57  Barracks x2  
  71  12:58  Barracks  
  70  13:03  SCV  
  55  13:13  Marine x2  
  55  13:15  SCV  
  57  13:27  SCV  
  57  13:33  Barracks x2  
  57  13:34  Barracks  
  58  13:37  Barracks  
  58  13:39  Barracks  
Show
View Real Time Build Order
Export as new Build Order

qqq Zerg 

Build Orders: Hatch First 

Get SALT Encoding   

  12  0:01  Drone  
  13  0:08  Drone  
  14  0:19  Overlord  
  14  0:50  Hatchery  
  14  0:54  Drone x2  
  14  0:56  Drone  
  16  1:12  Drone  
  17  1:20  Spawning Pool  
  16  1:35  Drone x2  
  16  1:39  Extractor  
  17  1:47  Extractor  
  17  1:49  Drone x2  
  18  2:05  Drone  
  19  2:09  Drone  
  19  2:13  Queen  
  19  2:14  Drone  
  19  2:15  Queen  
  23  2:16  Drone  
  26  2:24  Drone  
  26  2:27  Zergling x2  
  28  2:31  Overlord  
  28  2:42  Metabolic Boost  
  28  2:48  Overlord  
  28  2:50  Drone  
  28  2:51  Drone  
  30  3:00  Zergling x2  
  30  3:03  Zergling x2  
  33  3:05  Zergling x2  
  33  3:08  Zergling x2  
  34  3:17  Zergling x2  
  34  3:18  Zergling x2  
  36  3:29  Zergling x6  
  36  3:31  Zergling x2  
  40  3:39  Lair  
  40  3:47  Hatchery  
  39  4:02  Drone x3  
  42  4:03  Drone x2  
  42  4:06  Overlord x3  
  34  4:31  Drone x3  
  34  4:32  Drone x2  
  34  4:33  Drone, Extractor  
  34  4:34  Extractor  
  34  4:36  Extractor  
  36  4:48  Drone  
  37  4:53  Spire  
  36  5:00  Drone  
  36  5:02  Drone  
  36  5:03  Drone x2, Queen  
  42  5:11  Drone x4  
  42  5:12  Drone  
  42  5:13  Drone, Overlord  
  42  5:14  Overlord  
  48  5:21  Spore Crawler  
  48  5:27  Spore Crawler  
  46  5:31  Spore Crawler  
  46  5:34  Drone, Spore Crawler  
  46  5:35  Drone  
  46  5:49  Drone x3  
  50  5:50  Drone  
  50  5:53  Spine Crawler  
  50  5:55  Spine Crawler  
  48  5:57  Queen  
  50  6:06  Drone, Mutalisk  
  50  6:07  Mutalisk x3  
  50  6:10  Mutalisk  
  61  6:19  Infestation Pit  
  61  6:20  Drone, Zerg Flyer Weapons Level 1  
  61  6:22  Drone  
  61  6:24  Drone  
  63  6:27  Drone  
  63  6:32  Mutalisk  
  64  6:36  Drone  
  65  6:45  Drone  
  66  6:53  Drone  
  67  6:56  Hive  
  67  6:57  Corruptor  
  67  7:00  Hatchery  
  68  7:09  Drone  
  68  7:10  Mutalisk  
  68  7:11  Corruptor  
  73  7:21  Mutalisk  
  75  7:25  Drone  
  76  7:42  Mutalisk x2  
  80  7:51  Drone x2  
  81  7:52  Overlord x3  
  81  7:53  Overlord x5  
  81  7:55  Spore Crawler  
  81  7:57  Spine Crawler, Corruptor  
  82  8:13  Drone  
  82  8:18  Drone x3  
  86  8:22  Viper  
  86  8:23  Viper  
  86  8:26  Drone  
  93  8:29  Extractor  
  93  8:30  Extractor  
  93  8:33  Extractor  
  90  8:41  Drone x2  
  90  8:42  Drone, Corruptor x2  
  90  8:47  Drone  
  98  8:54  Drone  
  99  8:57  Zerg Flyer Armor Level 1  
  99  9:03  Drone  
  100  9:16  Drone x4  
  104  9:20  Corruptor x3  
  104  9:21  Corruptor  
  112  9:29  Corruptor  
  112  9:30  Hatchery  
  113  9:31  Drone  
  113  9:32  Drone  
  115  9:47  Drone x5  
  115  9:51  Mutalisk x4  
  120  10:38  Mutalisk x2  
  120  10:39  Mutalisk x6  
  112  10:55  Mutalisk  
  112  10:56  Mutalisk  
  106  11:06  Spine Crawler  
  106  11:08  Drone x6, Spine Crawler  
  106  11:09  Spine Crawler  
  107  11:14  Ultralisk Cavern  
  92  11:33  Mutalisk x2  
  92  11:34  Mutalisk x3  
  92  11:35  Drone  
  92  11:36  Drone x3  
  102  11:43  Zergling x8  
  102  11:44  Zergling x4  
  74  12:02  Anabolic Synthesis, Evolution Chamber x2, Baneling Nest  
  74  12:05  Extractor x2  
  74  12:07  Extractor  
  63  12:13  Hatchery  
  62  12:22  Ultralisk  
  65  12:23  Zergling x2  
  65  12:24  Drone, Zergling x2  
  65  12:25  Drone x5  
  72  12:42  Corruptor  
  72  12:43  Corruptor  
  76  12:45  Drone x2  
  73  13:01  Spine Crawler  
  73  13:02  Spine Crawler, Mutalisk x2  
  73  13:03  Spine Crawler x2  
  73  13:04  Drone x2, Spine Crawler  
  73  13:05  Drone x2, Spine Crawler  
  74  13:06  Spine Crawler  
  74  13:07  Spine Crawler x2  
  71  13:18  Mutalisk  
Tags
 
Add a new tag
Caveats
  • Supply blocks, unpowered buildings, or Contaminate may cause inaccurate times.
  • Supply counts are checked every 10 seconds.